 Dungeon Crawl Stone Soup version 0.21-a0-351-g38363bb (webtiles) character file.

441056 paralogiki the Warrior (level 24, -6/171 HPs)
             Began as a Gnoll Fighter on Oct 9, 2017.
             Was an Elder of Okawaru.
             Mangled by a juggernaut (41 damage)
             ... on level 4 of the Depths on Oct 10, 2017.
             The game lasted 02:47:46 (64470 turns).

paralogiki the Warrior (Gnoll Fighter)             Turns: 64470, Time: 02:47:47

Health: -6/171     AC: 39    Str: 33    XL:     24   Next: 11%
Magic:  42/42      EV: 17    Int: 17    God:    Okawaru [****..]
Gold:   1136       SH: 25    Dex:  9    Spells: 29/53 levels left

rFire    + . .     SeeInvis +   b - +8 broad axe (freeze)
rCold    . . .     Gourm    .   c - +0 large shield
rNeg     + + +     Faith    .   Q - +5 plate armour "Zisoh" {rN+ rCorr Dex-5}
rPois    +         Spirit   .   w - +2 hat
rElec    +         Reflect  .   d - +2 ratskin cloak {+Rats rPois rN+ Str-1 Int-1 Dex+1}
rCorr    +         Harm     .   r - +3 pair of gloves of Narcissism {Str+4}
MR       ++...                  m - +2 pair of boots {run}
Stlth    +++.......             A - amulet "Oxibargh" {RegenMP rElec SInv}
HPRegen  0.38/turn              C - ring "Qaennydo" {rF+ rN+++ Int+2 Dex-2 SInv}
MPRegen  0.53/turn              R - ring of protection from magic {MR+, !d}

@: mighty, heroism, quick
A: distributed training, fangs 1, frail 1, screaming 1, strong nose
}: 2/15 runes: decaying, gossamer
a: Heroism, Renounce Religion, Evoke Ratskin


You were on level 4 of the Depths.
You worshipped Okawaru.
Okawaru was greatly pleased with you.
You were not hungry.

You visited 8 branches of the dungeon, and saw 40 of its levels.
You also visited: Labyrinth, Sewer, Bailey and Ice Cave.

You collected 3830 gold pieces.
You spent 2694 gold pieces at shops.

Inventory:

Hand Weapons
 a - the +10 scimitar "Suarr" {protect, +Rage MR+}
   (You found it on level 6 of the Lair of Beasts)

   It protects the one who uses it against injury (+AC on strike).
   It affects your resistance to hostile enchantments.
   It lets you go berserk.
 b - a +8 broad axe of freezing (weapon)
   (You found it in a labyrinth)
 F - a +2 demon trident of freezing
   (You took it off a torturous demonspawn on level 2 of the Orcish Mines)
Armour
 c - a +0 large shield (worn)
   (You found it on level 2 of the Spider Nest)
 d - the +2 ratskin cloak (worn) {+Rats rPois rN+ Str-1 Int-1 Dex+1}
   (You found it in an ice cave)

   It affects your strength (-1).
   It affects your intelligence (-1).
   It affects your dexterity (+1).
   It protects you from poison.
   It protects you from negative energy.
 m - a +2 pair of boots of running (worn)
   (You found it on level 14 of the Dungeon)
 q - a cursed -2 buckler
   (You took it off a tengu reaver on level 4 of the Depths)
 r - the +3 pair of gloves of Narcissism (worn) {Str+4}
   (Okawaru gifted it to you on level 15 of the Dungeon)

   It affects your strength (+4).
 w - a +2 hat (worn)
   (You found it on level 15 of the Dungeon)
 Q - the +5 plate armour "Zisoh" (worn) {rN+ rCorr Dex-5}
   (Okawaru gifted it to you on level 3 of the Depths)

   It affects your dexterity (-5).
   It protects you from negative energy.
   It protects you from acid and corrosion.
Jewellery
 A - the amulet "Oxibargh" (around neck) {RegenMP rElec SInv}
   (You bought it in a shop on level 4 of the Depths)

   [amulet of magic regeneration]

   It increases your magic regeneration.
   It insulates you from electricity.
   It lets you see invisible.
 C - the ring "Qaennydo" (left hand) {rF+ rN+++ Int+2 Dex-2 SInv}
   (You bought it in a shop on level 4 of the Depths)

   [ring of protection from fire]

   It affects your intelligence (+2).
   It affects your dexterity (-2).
   It protects you from fire.
   It renders you almost immune to negative energy.
   It lets you see invisible.
 R - a ring of protection from magic (right hand) {MR+, !d}
   (You found it on level 3 of the Lair of Beasts)
 X - an uncursed ring of protection from cold {rC+, !d}
   (You took it off a deep elf knight on level 3 of the Vaults)
Wands
 i - a wand of digging (8/24)
   (You found it on level 4 of the Depths)
 l - a wand of lightning (10/15)
   (You found it on level 2 of the Vaults)
 G - a wand of iceblast (7/15)
   (You took it off a gnoll on level 8 of the Dungeon)
 K - a wand of confusion (28/48)
   (You found it on level 12 of the Dungeon)
 O - a wand of iceblast (7/15)
   (You found it on level 4 of the Spider Nest)
 P - a wand of acid (10/15)
   (You found it on level 4 of the Lair of Beasts)
 U - a wand of scattershot (8/9)
   (You found it on level 1 of the Swamp)
 Y - a wand of lightning (5/15)
   (You found it in a labyrinth)
 Z - a wand of disintegration (24/24)
   (You found it in a labyrinth)
Scrolls
 j - 15 scrolls of remove curse {@r2}
 y - 14 scrolls of teleportation
 D - 10 scrolls of fear
 I - 8 scrolls of magic mapping {!r}
 L - 6 scrolls of enchant armour
 M - 9 scrolls of fog
 T - 2 scrolls of blinking {!r}
 V - a scroll of enchant weapon
Potions
 e - 8 potions of curing {@q1}
 g - a potion of ambrosia
 k - 10 potions of flight
 n - 4 potions of mutation {!q}
 p - 2 potions of might
 t - 6 potions of cancellation
 u - a potion of resistance
 x - 7 potions of agility
 z - 5 potions of lignification {!q}
 E - 2 potions of haste
 H - 4 potions of heal wounds
 N - a potion of brilliance
Miscellaneous
 v - a sack of spiders
 J - a fan of gales
   (You found it on level 14 of the Dungeon)
 S - a lightning rod (2/4)
   (You found it on level 9 of the Dungeon)
Comestibles
 f - 7 bread rations {@e1}
 h - 5 chunks of flesh {@w0}
 o - 2 royal jellies
 s - 24 meat rations {@e2}
 B - 29 fruits


   Skills:
 + Level 16.2(21.2) Fighting
 + Level 15.2(20.2) Short Blades
 + Level 15.2(20.2) Long Blades
 + Level 15.7(20.7) Axes
 + Level 15.2(20.2) Maces & Flails
 + Level 15.2(20.2) Polearms
 + Level 15.2(20.2) Staves
 + Level 15.2(20.2) Slings
 + Level 15.2(20.2) Bows
 + Level 15.2(20.2) Crossbows
 + Level 15.2(20.2) Throwing
 + Level 16.2(21.2) Armour
 + Level 15.2(20.2) Dodging
 + Level 15.2(20.2) Stealth
 + Level 16.2(21.2) Shields
 + Level 15.2(20.2) Unarmed Combat
 + Level 15.2 Spellcasting
 + Level 15.2 Conjurations
 + Level 15.2 Hexes
 + Level 15.2 Charms
 + Level 15.2 Summonings
 + Level 15.2 Necromancy
 + Level 15.2 Translocations
 + Level 15.2 Transmutations
 + Level 15.2 Fire Magic
 + Level 15.2 Ice Magic
 + Level 15.2 Air Magic
 + Level 15.2 Earth Magic
 + Level 15.2 Poison Magic
 + Level 15.2 Invocations
 + Level 15.2 Evocations


You had 29 spell levels left.
You knew the following spells:

 Your Spells              Type           Power        Failure   Level  Hunger
b - Iron Shot             Conj/Erth      ######....   8%          6    #####..
d - Dispel Undead         Necr           ######..     1%          5    ####...
r - Regeneration          Chrm/Necr      ######....   1%          3    None
s - Sticky Flame          Conj/Fire      ######..     1%          4    None
z - Statue Form           Tmut/Erth      ######...    8%          6    #####..


Dungeon Overview and Level Annotations

Branches:
Dungeon (15/15)            Temple (1/1) D:7            Lair (6/6) D:9
  Swamp (4/4) Lair:4       Spider (4/4) Lair:3        Slime (0/5) Lair:6
    Orc (2/2) D:11            Elf (0/3) Orc:2        Vaults (4/5) D:14
  Crypt (0/3) Vaults:2     Depths (4/5) D:15

Altars:
Ashenzari
Cheibriados
Dithmenos
Elyvilon
Fedhas
Gozag
Hepliaklqana
Kikubaaqudgha
Makhleb
Nemelex Xobeh
Okawaru
Qazlal
Ru
Sif Muna
Trog
Uskayaw
Vehumet
Wu Jian
Xom
Yredelemnul
Zin
The Shining One
Beogh
Jiyva

Shops:
D:5 *   D:13 (   Orc:1 *   Orc:2 ?%}[   Vaults:1 [   Vaults:2 :   Depths:4 }=}

Portals:
Hell: Depths:1 Depths:2 Depths:3 Depths:4
Abyss: Depths:1 Depths:4
Pandemonium: Orc:2 Depths:1 Depths:2 Depths:3
Ziggurat: Depths:3
Trove: Vaults:2 (give horn of Geryon)

Annotations:
Lair:1 exclusion: oklob plant
Lair:2 exclusion: oklob plant
Orc:2 3 exclusions
Depths:3 exclusion: shining eye


Innate Abilities, Weirdness & Mutations

Your experience applies equally to all skills.
You have very sharp teeth.
Your uncanny sense of smell can sniff out nearby items.
You are frail. (-10% HP)
You occasionally shout uncontrollably at your foes.


Message History

You take 3 damage, and have 168/171 hp.
You hit the lich. The lich casts a spell at you.
You resist with almost no effort.
You slice the lich!!
You destroy the lich!
Okawaru accepts your kill.
No target in view!
No target in view!
Items here: ) [[ รท a buckler; a robe; a flail of crushing; a spriggan skeleton Health restored: 171 A tentacled monstrosity comes into view.
The tengu reaver shouts!
You hear a shout!
You slice the tengu reaver!! You freeze the tengu reaver!
You block the tengu reaver's attack. x2
The tengu reaver claws you but does no damage.
You closely miss the tengu reaver. Your bite misses the tengu reaver.
You slash the tentacled monstrosity! You freeze the tentacled monstrosity.
You slice the tentacled monstrosity!! You freeze the tentacled monstrosity.
You bite the tentacled monstrosity, but do no damage.
You block the tentacled monstrosity's attack.
The tentacled monstrosity tentacle-slaps you but does no damage.
You block the tentacled monstrosity's attack.
The tentacled monstrosity grabs you.
The tentacled monstrosity constricts you.
You take 4 damage, and have 167/171 hp.
You barely miss the tentacled monstrosity.
Your bite misses the tentacled monstrosity.
The tentacled monstrosity tentacle-slaps you!
The tentacled monstrosity barely misses you.
You block the tentacled monstrosity's attack.
The tentacled monstrosity constricts you.
You take 12 damage, and have 155/171 hp.
Your plate armour "Zisoh" prevents you from hitting the tentacled monstrosity.
You bite the tentacled monstrosity.
You block the tentacled monstrosity's attack. x2
The tentacled monstrosity misses you.
The tentacled monstrosity constricts you.
You slice the tentacled monstrosity!! You freeze the tentacled monstrosity.
You hit the tentacled monstrosity but do no damage.
Your bite misses the tentacled monstrosity.
You block the tentacled monstrosity's attack. x2
The tentacled monstrosity tentacle-slaps you but does no damage.
The tentacled monstrosity constricts you.
The juggernaut hits you!!! The juggernaut hits you!
You hear a shout! x3
A juggernaut comes into view.
You take 57 damage, and have 99/171 hp.
MASSIVE DAMAGE!!
The tentacled monstrosity's grasp on you weakens, but your attempt to escape fails.
The tentacled monstrosity tentacle-slaps you!
The tentacled monstrosity tentacle-slaps you but does no damage. x2
The tentacled monstrosity constricts you.
You take 11 damage, and have 88/171 hp.
Unknown command.
You gain the combat prowess of a mighty hero.
You block the tentacled monstrosity's attack.
The tentacled monstrosity tentacle-slaps you but does no damage.
You block the tentacled monstrosity's attack.
The tentacled monstrosity constricts you.
A tengu reaver comes into view. It is wielding a bardiche of freezing.
You now have 40/42 mp.
You slice the tentacled monstrosity!! You freeze the tentacled monstrosity!
You barely miss the juggernaut.
The tentacled monstrosity tentacle-slaps you!
You block the tentacled monstrosity's attack.
The tentacled monstrosity tentacle-slaps you but does no damage.
The tentacled monstrosity constricts you.
The tengu reaver casts a spell.
The tengu reaver conjures a globe of magical energy!
A battlesphere comes into view.
You take 16 damage, and have 72/171 hp.
You slash the tentacled monstrosity! You freeze the tentacled monstrosity.
You bite the tentacled monstrosity. You hit the juggernaut.
You freeze the juggernaut. You block the juggernaut's attack.
The juggernaut hits you!
The tentacled monstrosity tentacle-slaps you but does no damage.
You block the tentacled monstrosity's attack. x2
The tentacled monstrosity constricts you.
You take 19 damage, and have 53/171 hp.
You slash the juggernaut! You freeze the juggernaut.
You slice the tentacled monstrosity!! You freeze the tentacled monstrosity.
You kill the tentacled monstrosity!
Okawaru accepts your kill.
Your lightning rod (2/4) has regained one charge.
MP restored: 42 You hit the juggernaut.
You freeze the juggernaut. You slice the tengu reaver!!
You freeze the tengu reaver. You block the tengu reaver's attack. x2
The tengu reaver claws you but does no damage.
You hit the juggernaut but do no damage.
You bite the juggernaut, but do no damage.
You hit the tengu reaver but do no damage.
The tengu reaver casts a spell at you. The bolt of magma hits you!
You partially resist.
* * * LOW HITPOINT WARNING * * *
You take 18 damage, and have 35/171 hp.
You feel very mighty all of a sudden. The juggernaut hits you!!!
You die...

# #.# #
#.# #
#(# ####
#(# #
#... #.#
#
#...#Q#
# ####*#
#
#.#Q#W#
#
##@#.#.#
#
#[#C.#.#
#
##.####
# ##
#..# .#
##.## .#
#..# ##
##.##
#..#
##.##


You could see a juggernaut, 2 tengu reavers and a battlesphere.

Vanquished Creatures
  2 juggernauts (Depths:3)
  Sojobo (Depths:4)
  Frederick (Depths:4)
  Bai Suzhen (Vaults:2)
  Margery (Depths:3)
  A caustic shrike (Depths:3)
  the Enchantress (Depths:2)
  A golden dragon (Depths:2)
  Nikola (Swamp:3)
  Arachne (Spider:3)
  Jorgrun (Depths:2)
  3 tentacled monstrosities
  The ghost of Rikado the Warrior, an adept BaAK of Lugonu (Vaults:1)
  3 liches
  The ghost of Brenkie the Bludgeoner, an adept GrFi of Makhleb (Vaults:3)
  The ghost of unseenchild the Severer, an adept DDFi of Makhleb (Swamp:3)
  Gastronok (D:9)
  2 sphinxes (Depths:3)
  Kirke (Spider:3)
  A thorn hunter (Swamp:2)
  The ghost of emikaela the Pandemonic, a journeyman HuEE of Makhleb (Orc:1)
  A storm dragon (Depths:2)
  3 tengu reavers
  Roxanne (Spider:1)
  6 fire giants
  An orc warlord (Vaults:4)
  A balrug (Depths:2)
  6 frost giants
  4 emperor scorpions
  A caustic shrike zombie (Depths:1)
  9 vault wardens
  A cacodemon (Depths:1)
  8 ghost moths
  Louise (Depths:4)
  5 ironheart preservers
  5 spriggan defenders
  11 very ugly things
  14 stone giants
  3 entropy weavers (Spider:1)
  3 vampire knights (Depths:3)
  6 dire elephants (Lair:6)
  3 deep elf annihilators (Vaults:3)
  8 spark wasps
  11 ettins
  The ghost of cybersaint2k the Quickloader, a journeyman KoHu of Okawaru (Orc:2)
  20 yaktaur captains
  7 fire dragons
  Snorg (D:11)
  Josephine (Lair:6)
  A minotaur (Lab)
  8 vault guards
  8 rakshasas
  8 great orbs of eyes
  13 ice dragons
  A hell beast (Depths:3)
  A caustic shrike simulacrum (Depths:1)
  A monstrous demonspawn (Depths:3)
  19 hydras
  4 spriggan air magi
  An anaconda (Lair:6)
  36 two-headed ogres
  13 centaur warriors
  A queen ant (Spider:1)
  A ghost crab (Swamp:2)
  10 ogre magi
  3 tengu warriors
  13 alligators
  5 death yaks (Lair:6)
  A vampire mage (Depths:4)
  3 deep troll shamans (Depths:2)
  6 deep troll earth magi (Depths:2)
  8 orc high priests (Orc:2)
  2 spriggan berserkers (Depths:2)
  3 deep elf knights
  9 hell knights
  2 soul eaters
  3 unseen horrors
  14 skeletal warriors
  2 spriggan druids
  2 flayed ghosts
  2 gelid demonspawn
  A torturous demonspawn (Orc:2)
  2 infernal demonspawn (Depths:1)
  21 deep trolls
  10 swamp dragons
  6 wizards
  2 glowing orange brains
  The ghost of nel the Carver, a novice HuSk of Hepliaklqana (D:9)
  Pikel (D:7)
  6 shambling mangroves
  4 phantasmal warriors (Depths:3)
  24 orb spiders
  2 deep elf archers
  A tengu zombie (Vaults:1)
  8 necromancers
  8 ironbrand convokers
  5 orc sorcerers
  18 orc knights
  A manticore (D:9)
  7 deep elf magi
  A shining eye (shapeshifter) (Depths:3)
  2 frost giant zombies
  40 ugly things
  3 moths of wrath
  37 wolf spiders
  3 cyclopes
  The ghost of narcow the Covert, a novice OpAs (D:5)
  2 ice statues (IceCv)
  3 frost giant skeletons (Depths:1)
  4 elephants (Lair:6)
  5 black mambas
  8 vault sentinels
  A salamander (Depths:2)
  A smoke demon (Orc:2)
  3 centaur zombies
  A water nymph (shapeshifter) (D:9)
  A fire giant skeleton (Vaults:4)
  24 spiny frogs
  3 torpor snails
  A gargoyle (D:15)
  Psyche (D:12)
  An orange demon (Depths:2)
  5 freezing wraiths
  76 yaktaurs
  2 kobold demonologists (D:14)
  A rime drake (shapeshifter) (Vaults:4)
  14 demonic crawlers
  7 komodo dragons
  6 rime drakes
  15 ice devils
  2 efreet (D:15)
  A yaktaur skeleton (Depths:1)
  3 hellwings
  3 tengu conjurers
  4 trolls
  2 red devils
  2 minotaur zombies (Lab)
  A polar bear (shapeshifter) (Vaults:1)
  39 jumping spiders
  4 tyrant leeches
  26 hornets
  2 meliai (shapeshifter) (Vaults:2)
  52 slime creatures
  3 polar bears
  A tengu simulacrum (Depths:1)
  4 bog bodies
  A frost giant simulacrum (Vaults:4)
  2 fire dragon zombies (Depths:1)
  20 blink frogs
  9 hippogriffs
  16 spriggans
  A stone giant simulacrum (Vaults:1)
  2 air elementals (Depths:4)
  A vampire (D:9)
  3 water elementals
  3 shadows
  4 wraiths (Lair:6)
  A ynoxinul (Depths:2)
  62 redbacks
  A yak (shapeshifter) (Depths:3)
  44 tarantellas
  5 wyverns
  17 humans (D:14)
  A neqoxec (Depths:3)
  38 yaks
  2 chaos spawn
  A basilisk (shapeshifter) (Vaults:2)
  24 vampire mosquitoes
  3 basilisks
  A steam dragon (D:12)
  Menkaure (D:5)
  3 hungry ghosts
  17 swamp worms
  2 wargs
  6 insubstantial wisps (Swamp:4)
  An acid dragon (Vaults:2)
  17 water moccasins
  A deep troll zombie (Vaults:4)
  An ogre zombie (Vaults:1)
  20 soldier ants
  9 porcupines
  Purgy (Sewer)
  58 orc warriors
  A slave (D:7)
  5 swamp drakes (Swamp:4)
  11 boggarts
  32 ogres
  5 sky beasts
  A necrophage (D:10)
  13 ice beasts
  A phantom (D:6)
  A tengu (shapeshifter) (Depths:4)
  4 wolves (Lair:1)
  An elf skeleton (Vaults:1)
  12 centaurs
  11 crocodiles
  3 big kobolds
  20 bullfrogs
  2 gnoll sergeants
  A deep troll simulacrum (Vaults:1)
  8 scorpions
  4 wights (D:8)
  17 killer bees
  5 howler monkeys
  2 jellies
  7 crimson imps
  A bullfrog zombie (D:5)
  5 quasits
  3 draconian simulacra (IceCv)
  6 centaur skeletons
  4 hounds
  26 orc priests
  24 orc wizards
  Crazy Yiuf (D:7)
  4 bullfrog skeletons
  3 iron imps (Depths:3)
  Jessica (D:5)
  Terence (D:3)
  6 iguanas
  A troll simulacrum (IceCv)
  19 worker ants
  A spriggan simulacrum (IceCv)
  2 centaur simulacra (IceCv)
  3 human simulacra
  A worker ant zombie (D:8)
  8 gnolls
  A howler monkey skeleton (D:7)
  2 ogre simulacra (IceCv)
  13 adders
  A naga simulacrum (IceCv)
  A hound simulacrum (D:9)
  3 shadow imps
  A white imp (Depths:3)
  An ooze (D:1)
  An adder skeleton (D:5)
  3 worms
  4 dart slugs
  A leopard gecko (D:4)
  116 orcs
  7 bats
  11 giant cockroaches
  7 goblins
  6 hobgoblins
  12 jackals
  5 quokkas
  4 ball pythons
  8 frilled lizards
  14 kobolds
  A quokka skeleton (D:9)
  13 rats
  5 briar patches (Swamp:2)
  7 fungi
  A plant (Lair:2)
1857 creatures vanquished.

Vanquished Creatures (others)
  An ironheart preserver (Vaults:3)
  3 blink frogs (Swamp:4)
  3 humans (Spider:3)
  A swamp drake (Swamp:2)
  An ice beast (D:7)
  A slave (D:7)
  A sky beast (D:12)
  2 boggarts (D:15)
  12 fungi
  16 plants
41 creatures vanquished.

Grand Total: 1898 creatures vanquished

Notes
Turn   | Place    | Note
-------+----------+-------------------------------------------
     0 | D:1      | paralogiki the Gnoll Fighter began the quest for the Orb.
     0 | D:1      | Reached XP level 1. HP: 23/23 MP: 1/1
   108 | D:1      | Reached XP level 2. HP: 23/29 MP: 2/2
   460 | D:1      | Reached XP level 3. HP: 30/35 MP: 3/3
   966 | D:2      | Reached skill level 1 in Short Blades
   966 | D:2      | Reached skill level 1 in Long Blades
   966 | D:2      | Reached skill level 1 in Maces & Flails
   966 | D:2      | Reached skill level 1 in Polearms
   966 | D:2      | Reached skill level 1 in Staves
   966 | D:2      | Reached skill level 1 in Slings
   966 | D:2      | Reached skill level 1 in Bows
   966 | D:2      | Reached skill level 1 in Crossbows
   966 | D:2      | Reached skill level 1 in Throwing
   966 | D:2      | Reached skill level 1 in Dodging
   966 | D:2      | Reached skill level 1 in Stealth
   966 | D:2      | Reached skill level 1 in Unarmed Combat
   966 | D:2      | Reached skill level 1 in Spellcasting
   966 | D:2      | Reached skill level 1 in Conjurations
   966 | D:2      | Reached skill level 1 in Hexes
   966 | D:2      | Reached skill level 1 in Charms
   966 | D:2      | Reached skill level 1 in Summonings
   966 | D:2      | Reached skill level 1 in Necromancy
   966 | D:2      | Reached skill level 1 in Translocations
   966 | D:2      | Reached skill level 1 in Transmutations
   966 | D:2      | Reached skill level 1 in Fire Magic
   966 | D:2      | Reached skill level 1 in Ice Magic
   966 | D:2      | Reached skill level 1 in Air Magic
   966 | D:2      | Reached skill level 1 in Earth Magic
   966 | D:2      | Reached skill level 1 in Poison Magic
   966 | D:2      | Reached skill level 1 in Invocations
   966 | D:2      | Reached skill level 1 in Evocations
   966 | D:2      | Reached XP level 4. HP: 41/41 MP: 5/5
  1749 | D:3      | Reached XP level 5. HP: 24/47 MP: 6/6
  1766 | D:3      | Found a glowing drain.
  1777 | Sewer    | Entered a sewer
  1926 | Sewer    | Noticed Purgy
  1937 | Sewer    | Killed Purgy
  1960 | Sewer    | Noticed a big kobold
  1969 | Sewer    | Killed a big kobold
  1969 | Sewer    | Reached XP level 6. HP: 53/53 MP: 8/8
  2140 | D:3      | Noticed Terence
  2151 | D:3      | Killed Terence
  2151 | D:3      | Reached skill level 5 in Axes
  2386 | D:3      | Reached skill level 2 in Short Blades
  2386 | D:3      | Reached skill level 2 in Long Blades
  2386 | D:3      | Reached skill level 2 in Maces & Flails
  2386 | D:3      | Reached skill level 2 in Polearms
  2386 | D:3      | Reached skill level 2 in Staves
  2386 | D:3      | Reached skill level 2 in Slings
  2386 | D:3      | Reached skill level 2 in Bows
  2386 | D:3      | Reached skill level 2 in Crossbows
  2386 | D:3      | Reached skill level 2 in Throwing
  2386 | D:3      | Reached skill level 2 in Dodging
  2386 | D:3      | Reached skill level 2 in Stealth
  2386 | D:3      | Reached skill level 2 in Unarmed Combat
  2386 | D:3      | Reached skill level 2 in Spellcasting
  2386 | D:3      | Reached skill level 2 in Conjurations
  2386 | D:3      | Reached skill level 2 in Hexes
  2386 | D:3      | Reached skill level 2 in Charms
  2386 | D:3      | Reached skill level 2 in Summonings
  2386 | D:3      | Reached skill level 2 in Necromancy
  2386 | D:3      | Reached skill level 2 in Translocations
  2386 | D:3      | Reached skill level 2 in Transmutations
  2386 | D:3      | Reached skill level 2 in Fire Magic
  2386 | D:3      | Reached skill level 2 in Ice Magic
  2386 | D:3      | Reached skill level 2 in Air Magic
  2386 | D:3      | Reached skill level 2 in Earth Magic
  2386 | D:3      | Reached skill level 2 in Poison Magic
  2386 | D:3      | Reached skill level 2 in Invocations
  2386 | D:3      | Reached skill level 2 in Evocations
  2834 | D:4      | Noticed a sky beast
  2850 | D:4      | Killed a sky beast
  2850 | D:4      | Reached XP level 7. HP: 51/59 MP: 10/10
  3126 | D:4      | Reached skill level 7 in Fighting
  3126 | D:4      | Reached skill level 7 in Armour
  3126 | D:4      | Reached skill level 7 in Shields
  3570 | D:5      | Entered Level 5 of the Dungeon
  3641 | D:5      | HP: 15/60 [something (6)]
  4041 | D:5      | Reached XP level 8. HP: 49/67 MP: 12/12
  4244 | D:5      | Noticed Menkaure
  4253 | D:5      | Killed Menkaure
  4253 | D:5      | Reached skill level 3 in Short Blades
  4253 | D:5      | Reached skill level 3 in Long Blades
  4253 | D:5      | Reached skill level 3 in Maces & Flails
  4253 | D:5      | Reached skill level 3 in Polearms
  4253 | D:5      | Reached skill level 3 in Staves
  4253 | D:5      | Reached skill level 3 in Slings
  4253 | D:5      | Reached skill level 3 in Bows
  4253 | D:5      | Reached skill level 3 in Crossbows
  4253 | D:5      | Reached skill level 3 in Throwing
  4253 | D:5      | Reached skill level 3 in Dodging
  4253 | D:5      | Reached skill level 3 in Stealth
  4253 | D:5      | Reached skill level 3 in Unarmed Combat
  4253 | D:5      | Reached skill level 3 in Spellcasting
  4253 | D:5      | Reached skill level 3 in Conjurations
  4253 | D:5      | Reached skill level 3 in Hexes
  4253 | D:5      | Reached skill level 3 in Charms
  4253 | D:5      | Reached skill level 3 in Summonings
  4253 | D:5      | Reached skill level 3 in Necromancy
  4253 | D:5      | Reached skill level 3 in Translocations
  4253 | D:5      | Reached skill level 3 in Transmutations
  4253 | D:5      | Reached skill level 3 in Fire Magic
  4253 | D:5      | Reached skill level 3 in Ice Magic
  4253 | D:5      | Reached skill level 3 in Air Magic
  4253 | D:5      | Reached skill level 3 in Earth Magic
  4253 | D:5      | Reached skill level 3 in Poison Magic
  4253 | D:5      | Reached skill level 3 in Invocations
  4253 | D:5      | Reached skill level 3 in Evocations
  4359 | D:5      | Noticed narcow's ghost (novice OpAs)
  4523 | D:5      | Killed narcow's ghost
  4782 | D:5      | Found Zin's Purification Station.
  4787 | D:5      | Found a glowing silver altar of Zin.
  5425 | D:5      | Noticed Jessica
  5435 | D:5      | Killed Jessica
  5443 | D:5      | Found a deep blue altar of Sif Muna.
  5688 | D:6      | Reached skill level 6 in Axes
  5688 | D:6      | Reached XP level 9. HP: 43/72 MP: 14/14
  5968 | D:6      | Found a blossoming altar of Fedhas.
  6472 | D:6      | You fall through a shaft for 2 floors!
  6472 | D:8      | Found a shattered altar of Ashenzari.
  6482 | D:8      | Reached skill level 4 in Short Blades
  6482 | D:8      | Reached skill level 4 in Long Blades
  6482 | D:8      | Reached skill level 4 in Maces & Flails
  6482 | D:8      | Reached skill level 4 in Polearms
  6482 | D:8      | Reached skill level 4 in Staves
  6482 | D:8      | Reached skill level 4 in Slings
  6482 | D:8      | Reached skill level 4 in Bows
  6482 | D:8      | Reached skill level 4 in Crossbows
  6482 | D:8      | Reached skill level 4 in Throwing
  6482 | D:8      | Reached skill level 4 in Dodging
  6482 | D:8      | Reached skill level 4 in Stealth
  6482 | D:8      | Reached skill level 4 in Unarmed Combat
  6482 | D:8      | Reached skill level 4 in Spellcasting
  6482 | D:8      | Reached skill level 4 in Conjurations
  6482 | D:8      | Reached skill level 4 in Hexes
  6482 | D:8      | Reached skill level 4 in Charms
  6482 | D:8      | Reached skill level 4 in Summonings
  6482 | D:8      | Reached skill level 4 in Necromancy
  6482 | D:8      | Reached skill level 4 in Translocations
  6482 | D:8      | Reached skill level 4 in Transmutations
  6482 | D:8      | Reached skill level 4 in Fire Magic
  6482 | D:8      | Reached skill level 4 in Ice Magic
  6482 | D:8      | Reached skill level 4 in Air Magic
  6482 | D:8      | Reached skill level 4 in Earth Magic
  6482 | D:8      | Reached skill level 4 in Poison Magic
  6482 | D:8      | Reached skill level 4 in Invocations
  6482 | D:8      | Reached skill level 4 in Evocations
  6681 | D:8      | Found a flagged portal.
  6704 | Bailey   | Entered a bailey
  6746 | D:7      | Noticed Pikel
  6766 | D:7      | Killed Pikel
  6806 | D:7      | Found a shadowy altar of Dithmenos.
  6949 | D:7      | Found a blossoming altar of Fedhas.
  6976 | D:7      | Reached skill level 8 in Fighting
  6976 | D:7      | Reached skill level 8 in Armour
  6976 | D:7      | Reached skill level 8 in Shields
  7678 | D:7      | Found a staircase to the Ecumenical Temple.
  7690 | Temple   | Entered the Ecumenical Temple
  7762 | Temple   | Became a worshipper of Warmaster Okawaru
  7794 | D:7      | Found a snail-covered altar of Cheibriados.
  8484 | D:7      | Found a runed door.
  8615 | D:7      | Noticed Crazy Yiuf
  8623 | D:7      | Killed Crazy Yiuf
  8796 | D:8      | Reached XP level 10. HP: 80/80 MP: 17/17
  8973 | D:8      | Reached * piety under Okawaru
  9193 | D:8      | Reached skill level 5 in Short Blades
  9193 | D:8      | Reached skill level 5 in Long Blades
  9193 | D:8      | Reached skill level 5 in Maces & Flails
  9193 | D:8      | Reached skill level 5 in Polearms
  9193 | D:8      | Reached skill level 5 in Staves
  9193 | D:8      | Reached skill level 5 in Slings
  9193 | D:8      | Reached skill level 5 in Bows
  9193 | D:8      | Reached skill level 5 in Crossbows
  9193 | D:8      | Reached skill level 5 in Throwing
  9193 | D:8      | Reached skill level 5 in Dodging
  9193 | D:8      | Reached skill level 5 in Stealth
  9193 | D:8      | Reached skill level 5 in Unarmed Combat
  9193 | D:8      | Reached skill level 5 in Spellcasting
  9193 | D:8      | Reached skill level 5 in Conjurations
  9193 | D:8      | Reached skill level 5 in Hexes
  9193 | D:8      | Reached skill level 5 in Charms
  9193 | D:8      | Reached skill level 5 in Summonings
  9193 | D:8      | Reached skill level 5 in Necromancy
  9193 | D:8      | Reached skill level 5 in Translocations
  9193 | D:8      | Reached skill level 5 in Transmutations
  9193 | D:8      | Reached skill level 5 in Fire Magic
  9193 | D:8      | Reached skill level 5 in Ice Magic
  9193 | D:8      | Reached skill level 5 in Air Magic
  9193 | D:8      | Reached skill level 5 in Earth Magic
  9193 | D:8      | Reached skill level 5 in Poison Magic
  9193 | D:8      | Reached skill level 5 in Invocations
  9193 | D:8      | Reached skill level 5 in Evocations
  9691 | D:8      | Reached skill level 7 in Axes
 10347 | D:9      | Reached ** piety under Okawaru
 10391 | D:9      | Noticed a manticore
 10424 | D:9      | Killed a manticore
 10432 | D:9      | Noticed a necromancer
 10433 | D:9      | HP: 15/82 [??? (12)]
 10445 | D:9      | Killed a necromancer
 10445 | D:9      | Reached *** piety under Okawaru
 10732 | D:9      | Identified Asmodeus's Grimoire of the Volcanoes
 10797 | D:9      | Noticed a death drake
 10806 | D:9      | Noticed a swamp dragon
 10806 | D:9      | a death drake changed into a swamp dragon
 10812 | D:9      | Noticed a water nymph
 10812 | D:9      | a swamp dragon changed into a water nymph
 10833 | D:9      | Killed a water nymph
 10833 | D:9      | Reached XP level 11. HP: 59/87 MP: 19/19
 11013 | D:9      | Noticed a flayed ghost
 11025 | D:9      | HP: 15/87 [hound simulacrum (7)]
 11028 | D:9      | Killed a flayed ghost
 11053 | D:9      | Reached **** piety under Okawaru
 11139 | D:9      | Noticed nel's ghost (novice HuSk)
 11144 | D:9      | Noticed Gastronok
 11160 | D:9      | Killed nel's ghost
 11160 | D:9      | Reached skill level 9 in Fighting
 11160 | D:9      | Reached skill level 6 in Short Blades
 11160 | D:9      | Reached skill level 6 in Long Blades
 11160 | D:9      | Reached skill level 6 in Maces & Flails
 11160 | D:9      | Reached skill level 6 in Polearms
 11160 | D:9      | Reached skill level 6 in Staves
 11160 | D:9      | Reached skill level 6 in Slings
 11160 | D:9      | Reached skill level 6 in Bows
 11160 | D:9      | Reached skill level 6 in Crossbows
 11160 | D:9      | Reached skill level 6 in Throwing
 11160 | D:9      | Reached skill level 9 in Armour
 11160 | D:9      | Reached skill level 6 in Dodging
 11160 | D:9      | Reached skill level 6 in Stealth
 11160 | D:9      | Reached skill level 9 in Shields
 11160 | D:9      | Reached skill level 6 in Unarmed Combat
 11160 | D:9      | Reached skill level 6 in Spellcasting
 11160 | D:9      | Reached skill level 6 in Conjurations
 11160 | D:9      | Reached skill level 6 in Hexes
 11160 | D:9      | Reached skill level 6 in Charms
 11160 | D:9      | Reached skill level 6 in Summonings
 11160 | D:9      | Reached skill level 6 in Necromancy
 11160 | D:9      | Reached skill level 6 in Translocations
 11160 | D:9      | Reached skill level 6 in Transmutations
 11160 | D:9      | Reached skill level 6 in Fire Magic
 11160 | D:9      | Reached skill level 6 in Ice Magic
 11160 | D:9      | Reached skill level 6 in Air Magic
 11160 | D:9      | Reached skill level 6 in Earth Magic
 11160 | D:9      | Reached skill level 6 in Poison Magic
 11160 | D:9      | Reached skill level 6 in Invocations
 11160 | D:9      | Reached skill level 6 in Evocations
 11168 | D:9      | HP: 21/89 [Gastronok (18)]
 11175 | D:9      | HP: 21/89 [Gastronok (2)]
 11177 | D:9      | HP: 7/89 [Gastronok (15)]
 11188 | D:9      | Noticed a centaur warrior
 11190 | D:9      | Killed Gastronok
 11199 | D:9      | Killed a centaur warrior
 11534 | D:9      | Found a staircase to the Lair.
 11583 | D:9      | HP: 22/89 [poisoned by a killer bee]
 11590 | D:9      | HP: 16/89 [killer bee (5)]
 11592 | D:9      | HP: 6/89 [killer bee (6)]
 12036 | D:9      | Reached skill level 8 in Axes
 12047 | D:9      | Noticed a two-headed ogre
 12067 | D:9      | Killed a two-headed ogre
 12637 | D:9      | Found a sparkling altar of Nemelex Xobeh.
 12637 | D:9      | Found a sacrificial altar of Ru.
 12719 | D:9      | Noticed a centaur warrior
 12737 | D:9      | Killed a centaur warrior
 12737 | D:9      | Received a gift from Okawaru
 12966 | Lair:1   | Entered Level 1 of the Lair of Beasts
 12974 | Lair:1   | Noticed a seven-headed hydra
 12982 | Lair:1   | Killed a seven-headed hydra
 13006 | Lair:1   | Noticed an eight-headed hydra
 13080 | Lair:1   | Reached ***** piety under Okawaru
 13080 | Lair:1   | Reached XP level 12. HP: 52/96 MP: 22/22
 13096 | Lair:1   | HP: 23/96 [eight-headed hydra (11)]
 13112 | Lair:1   | HP: 19/96 [eight-headed hydra (2)]
 13421 | Lair:1   | HP: 19/96 [eight-headed hydra (6)]
 13426 | Lair:1   | HP: 8/96 [eight-headed hydra (3)]
 14015 | Lair:1   | Received a gift from Okawaru
 14082 | Lair:1   | Killed an eight-headed hydra
 14226 | Lair:1   | Reached skill level 7 in Short Blades
 14226 | Lair:1   | Reached skill level 7 in Long Blades
 14226 | Lair:1   | Reached skill level 7 in Maces & Flails
 14226 | Lair:1   | Reached skill level 7 in Polearms
 14226 | Lair:1   | Reached skill level 7 in Staves
 14226 | Lair:1   | Reached skill level 7 in Slings
 14226 | Lair:1   | Reached skill level 7 in Bows
 14226 | Lair:1   | Reached skill level 7 in Crossbows
 14226 | Lair:1   | Reached skill level 7 in Throwing
 14226 | Lair:1   | Reached skill level 7 in Dodging
 14226 | Lair:1   | Reached skill level 7 in Stealth
 14226 | Lair:1   | Reached skill level 7 in Unarmed Combat
 14226 | Lair:1   | Reached skill level 7 in Spellcasting
 14226 | Lair:1   | Reached skill level 7 in Conjurations
 14226 | Lair:1   | Reached skill level 7 in Hexes
 14226 | Lair:1   | Reached skill level 7 in Charms
 14226 | Lair:1   | Reached skill level 7 in Summonings
 14226 | Lair:1   | Reached skill level 7 in Necromancy
 14226 | Lair:1   | Reached skill level 7 in Translocations
 14226 | Lair:1   | Reached skill level 7 in Transmutations
 14226 | Lair:1   | Reached skill level 7 in Fire Magic
 14226 | Lair:1   | Reached skill level 7 in Ice Magic
 14226 | Lair:1   | Reached skill level 7 in Air Magic
 14226 | Lair:1   | Reached skill level 7 in Earth Magic
 14226 | Lair:1   | Reached skill level 7 in Poison Magic
 14226 | Lair:1   | Reached skill level 7 in Invocations
 14226 | Lair:1   | Reached skill level 7 in Evocations
 14398 | Lair:1   | Found an ornate altar of the Wu Jian Council.
 16505 | Lair:3   | Reached skill level 10 in Fighting
 16505 | Lair:3   | Reached skill level 10 in Armour
 16505 | Lair:3   | Reached skill level 10 in Shields
 16505 | Lair:3   | Received a gift from Okawaru
 16900 | Lair:3   | Found a hole to the Spider Nest.
 16968 | Lair:3   | Reached skill level 9 in Axes
 17132 | Lair:3   | Received a gift from Okawaru
 17683 | Lair:3   | Reached skill level 8 in Short Blades
 17683 | Lair:3   | Reached skill level 8 in Long Blades
 17683 | Lair:3   | Reached skill level 8 in Maces & Flails
 17683 | Lair:3   | Reached skill level 8 in Polearms
 17683 | Lair:3   | Reached skill level 8 in Staves
 17683 | Lair:3   | Reached skill level 8 in Slings
 17683 | Lair:3   | Reached skill level 8 in Bows
 17683 | Lair:3   | Reached skill level 8 in Crossbows
 17683 | Lair:3   | Reached skill level 8 in Throwing
 17683 | Lair:3   | Reached skill level 8 in Dodging
 17683 | Lair:3   | Reached skill level 8 in Stealth
 17683 | Lair:3   | Reached skill level 8 in Unarmed Combat
 17683 | Lair:3   | Reached skill level 8 in Spellcasting
 17683 | Lair:3   | Reached skill level 8 in Conjurations
 17683 | Lair:3   | Reached skill level 8 in Hexes
 17683 | Lair:3   | Reached skill level 8 in Charms
 17683 | Lair:3   | Reached skill level 8 in Summonings
 17683 | Lair:3   | Reached skill level 8 in Necromancy
 17683 | Lair:3   | Reached skill level 8 in Translocations
 17683 | Lair:3   | Reached skill level 8 in Transmutations
 17683 | Lair:3   | Reached skill level 8 in Fire Magic
 17683 | Lair:3   | Reached skill level 8 in Ice Magic
 17683 | Lair:3   | Reached skill level 8 in Air Magic
 17683 | Lair:3   | Reached skill level 8 in Earth Magic
 17683 | Lair:3   | Reached skill level 8 in Poison Magic
 17683 | Lair:3   | Reached skill level 8 in Invocations
 17683 | Lair:3   | Reached skill level 8 in Evocations
 17683 | Lair:3   | Reached XP level 13. HP: 104/104 MP: 23/25
 17702 | Lair:4   | Reached XP level 14. HP: 111/111 MP: 26/26
 18046 | Lair:4   | Found a labyrinth entrance.
 18055 | Lab      | Entered a labyrinth
 18128 | Lab      | Found the fine robe
 18128 | Lab      | Got a steaming pewter ring
 18128 | Lab      | Got a fine robe
 18128 | Lab      | Got an ichor-stained leather armour
 18140 | Lab      | Identified the ring of Runoarr {*Tele rElec Dex+4} (You found it in a labyrinth)
 18145 | Lab      | Got an ivory mace
 18147 | Lab      | Identified the +2 mace "Demonslayer" {flame, rC+} (You found it in a labyrinth)
 18176 | Lab      | Identified the cursed -5 robe of Misfortune {-Cast *Contam *Tele *Drain EV-5 Stlth-- *Curse} (You found it in a labyrinth)
 18193 | Lab      | Gained mutation: You are frail. (-10% HP) [mutagenic glow]
 18408 | Lab      | Identified the cursed +0 leather armour of Mental Paralysis {MR+++ Int+8 Slay-2 Stlth-} (You found it in a labyrinth)
 18907 | Lair:4   | Found a runed door.
 19018 | Lair:4   | Received a gift from Okawaru
 19056 | Lair:4   | Found a staircase to the Swamp.
 20244 | Lair:4   | Received a gift from Okawaru
 20255 | Lair:4   | Got an encrusted helmet {god gift}
 20266 | Lair:4   | Identified the +2 helmet "Padeofas" {-Cast rElec rF++ Int+2} (Okawaru gifted it to you on level 4 of the Lair of Beasts)
 20802 | Lair:5   | You fall through a shaft!
 20802 | Lair:6   | Entered Level 6 of the Lair of Beasts
 20802 | Lair:6   | Found a frozen archway.
 20887 | IceCv    | Entered an ice cave
 21573 | IceCv    | Found the +2 ratskin cloak {+Rats rPois rN+ Str-1 Int-1 Dex+1}
 21654 | IceCv    | Reached skill level 10 in Axes
 22128 | Lair:6   | Found a basalt altar of Yredelemnul.
 22196 | Lair:6   | Reached skill level 11 in Fighting
 22196 | Lair:6   | Reached skill level 11 in Armour
 22196 | Lair:6   | Reached skill level 11 in Shields
 22206 | Lair:6   | Reached skill level 9 in Short Blades
 22206 | Lair:6   | Reached skill level 9 in Long Blades
 22206 | Lair:6   | Reached skill level 9 in Maces & Flails
 22206 | Lair:6   | Reached skill level 9 in Polearms
 22206 | Lair:6   | Reached skill level 9 in Staves
 22206 | Lair:6   | Reached skill level 9 in Slings
 22206 | Lair:6   | Reached skill level 9 in Bows
 22206 | Lair:6   | Reached skill level 9 in Crossbows
 22206 | Lair:6   | Reached skill level 9 in Throwing
 22206 | Lair:6   | Reached skill level 9 in Dodging
 22206 | Lair:6   | Reached skill level 9 in Stealth
 22206 | Lair:6   | Reached skill level 9 in Unarmed Combat
 22206 | Lair:6   | Reached skill level 9 in Spellcasting
 22206 | Lair:6   | Reached skill level 9 in Conjurations
 22206 | Lair:6   | Reached skill level 9 in Hexes
 22206 | Lair:6   | Reached skill level 9 in Charms
 22206 | Lair:6   | Reached skill level 9 in Summonings
 22206 | Lair:6   | Reached skill level 9 in Necromancy
 22206 | Lair:6   | Reached skill level 9 in Translocations
 22206 | Lair:6   | Reached skill level 9 in Transmutations
 22206 | Lair:6   | Reached skill level 9 in Fire Magic
 22206 | Lair:6   | Reached skill level 9 in Ice Magic
 22206 | Lair:6   | Reached skill level 9 in Air Magic
 22206 | Lair:6   | Reached skill level 9 in Earth Magic
 22206 | Lair:6   | Reached skill level 9 in Poison Magic
 22206 | Lair:6   | Reached skill level 9 in Invocations
 22206 | Lair:6   | Reached skill level 9 in Evocations
 23658 | Lair:6   | Reached XP level 15. HP: 60/106 MP: 21/28
 23668 | Lair:6   | Received a gift from Okawaru
 24231 | Lair:6   | HP: 23/107 [dire elephant (10)]
 24688 | Lair:6   | HP: 24/107 [dire elephant (26)]
 25022 | Lair:6   | Noticed Josephine
 25032 | Lair:6   | Killed Josephine
 25276 | Lair:6   | Found a staircase to the Slime Pits.
 25277 | Lair:6   | Found a viscous altar of Jiyva.
 25463 | Lair:6   | Got an iridescent scimitar
 25464 | Lair:6   | Identified the +10 scimitar "Suarr" {protect, +Rage MR+} (You found it on level 6 of the Lair of Beasts)
 25576 | Lair:6   | Received a gift from Okawaru
 26004 | D:10     | Entered Level 10 of the Dungeon
 27267 | D:11     | Found a staircase to the Orcish Mines.
 27311 | D:11     | Received a gift from Okawaru
 27969 | D:12     | Noticed Psyche
 27971 | D:12     | Killed Psyche
 28599 | Orc:1    | Entered Level 1 of the Orcish Mines
 28605 | Orc:1    | Noticed Snorg
 28626 | D:11     | HP: 20/107 [Snorg (11)]
 28672 | D:11     | Killed Snorg
 28987 | Orc:1    | Found Fulology's Assorted Antiques.
 29104 | Orc:2    | Entered Level 2 of the Orcish Mines
 29484 | Orc:2    | Noticed cybersaint2k's ghost (journeyman KoHu)
 29522 | Orc:2    | Killed cybersaint2k's ghost
 29790 | Orc:2    | Found a staircase to the Elven Halls.
 30022 | Orc:1    | Found a bloodstained altar of Trog.
 30022 | Orc:1    | Noticed emikaela's ghost (journeyman HuEE)
 30049 | Orc:1    | Killed emikaela's ghost
 30314 | Orc:2    | Found Beukhanli's Magic Scroll Shop.
 30327 | Orc:2    | Reached skill level 10 in Short Blades
 30327 | Orc:2    | Reached skill level 10 in Long Blades
 30327 | Orc:2    | Reached skill level 10 in Maces & Flails
 30327 | Orc:2    | Reached skill level 10 in Polearms
 30327 | Orc:2    | Reached skill level 10 in Staves
 30327 | Orc:2    | Reached skill level 10 in Slings
 30327 | Orc:2    | Reached skill level 10 in Bows
 30327 | Orc:2    | Reached skill level 10 in Crossbows
 30327 | Orc:2    | Reached skill level 10 in Throwing
 30327 | Orc:2    | Reached skill level 10 in Dodging
 30327 | Orc:2    | Reached skill level 10 in Stealth
 30327 | Orc:2    | Reached skill level 10 in Unarmed Combat
 30327 | Orc:2    | Reached skill level 10 in Spellcasting
 30327 | Orc:2    | Reached skill level 10 in Conjurations
 30327 | Orc:2    | Reached skill level 10 in Hexes
 30327 | Orc:2    | Reached skill level 10 in Charms
 30327 | Orc:2    | Reached skill level 10 in Summonings
 30327 | Orc:2    | Reached skill level 10 in Necromancy
 30327 | Orc:2    | Reached skill level 10 in Translocations
 30327 | Orc:2    | Reached skill level 10 in Transmutations
 30327 | Orc:2    | Reached skill level 10 in Fire Magic
 30327 | Orc:2    | Reached skill level 10 in Ice Magic
 30327 | Orc:2    | Reached skill level 10 in Air Magic
 30327 | Orc:2    | Reached skill level 10 in Earth Magic
 30327 | Orc:2    | Reached skill level 10 in Poison Magic
 30327 | Orc:2    | Reached skill level 10 in Invocations
 30327 | Orc:2    | Reached skill level 10 in Evocations
 30329 | Orc:2    | Received a gift from Okawaru
 30340 | Orc:2    | Found Furgha Cehoq's Food Boutique.
 30691 | Orc:2    | Reached skill level 11 in Axes
 31010 | Orc:2    | Received a gift from Okawaru
 31010 | Orc:2    | Reached XP level 16. HP: 75/114 MP: 18/30
 31507 | Orc:2    | Received a gift from Okawaru
 31826 | Orc:2    | Found Tothuj's Antique Armour Emporium.
 31826 | Orc:2    | Found Ohuitua's Gadget Shoppe.
 31836 | Orc:2    | Found a one-way gate leading to the halls of Pandemonium.
 31870 | Orc:2    | Bought a pair of glowing gloves for 187 gold pieces
 31894 | Orc:2    | Bought a wand of paralysis (15/24) for 289 gold pieces
 31927 | Orc:2    | Bought a scroll of identify for 24 gold pieces
 31927 | Orc:2    | Bought a scroll of immolation for 42 gold pieces
 31927 | Orc:2    | Bought a scroll of identify for 24 gold pieces
 31927 | Orc:2    | Bought a scroll of recharging for 114 gold pieces
 31927 | Orc:2    | Bought a scroll of remove curse for 36 gold pieces
 31927 | Orc:2    | Bought a scroll of enchant weapon for 90 gold pieces
 31927 | Orc:2    | Bought a scroll of amnesia for 42 gold pieces
 31927 | Orc:2    | Bought a scroll of blinking for 90 gold pieces
 32594 | D:13     | Reached skill level 12 in Fighting
 32594 | D:13     | Reached skill level 12 in Armour
 32594 | D:13     | Reached skill level 12 in Shields
 32809 | D:13     | Found Uroiz's Weapon Emporium.
 32907 | D:13     | Received a gift from Okawaru
 33327 | D:14     | Received a gift from Okawaru
 33353 | D:14     | Found a gate to the Vaults.
 33423 | D:14     | Found a transporter.
 33560 | D:14     | Found a transporter.
 33573 | D:14     | Found a bloodstained altar of Trog.
 33878 | D:14     | Identified a +2 pair of boots of running (You found it on level 14 of the Dungeon)
 33886 | D:14     | Gained mutation: You occasionally shout uncontrollably at your foes. [mutagenic glow]
 34080 | D:15     | Entered Level 15 of the Dungeon
 34196 | D:15     | Received a gift from Okawaru
 34207 | D:15     | Got a pair of ichor-stained gloves {god gift}
 34218 | D:15     | Identified the +3 pair of gloves of Narcissism {Str+4} (Okawaru gifted it to you on level 15 of the Dungeon)
 34238 | D:15     | Found a shattered altar of Ashenzari.
 34613 | D:15     | Found a staircase to the Depths.
 35391 | Lair:1   | Learned a level 4 spell: Sticky Flame
 35468 | Swamp:1  | Entered Level 1 of the Swamp
 36371 | Swamp:2  | Reached XP level 17. HP: 119/121 MP: 24/31
 36680 | Swamp:2  | Reached skill level 11 in Short Blades
 36680 | Swamp:2  | Reached skill level 11 in Long Blades
 36680 | Swamp:2  | Reached skill level 11 in Maces & Flails
 36680 | Swamp:2  | Reached skill level 11 in Polearms
 36680 | Swamp:2  | Reached skill level 11 in Staves
 36680 | Swamp:2  | Reached skill level 11 in Slings
 36680 | Swamp:2  | Reached skill level 11 in Bows
 36680 | Swamp:2  | Reached skill level 11 in Crossbows
 36680 | Swamp:2  | Reached skill level 11 in Throwing
 36680 | Swamp:2  | Reached skill level 11 in Dodging
 36680 | Swamp:2  | Reached skill level 11 in Stealth
 36680 | Swamp:2  | Reached skill level 11 in Unarmed Combat
 36680 | Swamp:2  | Reached skill level 11 in Spellcasting
 36680 | Swamp:2  | Reached skill level 11 in Conjurations
 36680 | Swamp:2  | Reached skill level 11 in Hexes
 36680 | Swamp:2  | Reached skill level 11 in Charms
 36680 | Swamp:2  | Reached skill level 11 in Summonings
 36680 | Swamp:2  | Reached skill level 11 in Necromancy
 36680 | Swamp:2  | Reached skill level 11 in Translocations
 36680 | Swamp:2  | Reached skill level 11 in Transmutations
 36680 | Swamp:2  | Reached skill level 11 in Fire Magic
 36680 | Swamp:2  | Reached skill level 11 in Ice Magic
 36680 | Swamp:2  | Reached skill level 11 in Air Magic
 36680 | Swamp:2  | Reached skill level 11 in Earth Magic
 36680 | Swamp:2  | Reached skill level 11 in Poison Magic
 36680 | Swamp:2  | Reached skill level 11 in Invocations
 36680 | Swamp:2  | Reached skill level 11 in Evocations
 36878 | Swamp:2  | Received a gift from Okawaru
 37808 | Swamp:2  | You fall through a shaft!
 37869 | Swamp:3  | Noticed unseenchild's ghost (adept DDFi)
 37888 | Swamp:3  | Noticed Nikola
 37898 | Swamp:3  | Killed Nikola
 37898 | Swamp:3  | Received a gift from Okawaru
 37921 | Swamp:3  | Killed unseenchild's ghost
 37921 | Swamp:3  | Reached skill level 12 in Axes
 39131 | Swamp:4  | Entered Level 4 of the Swamp
 39136 | Swamp:4  | Received a gift from Okawaru
 39640 | Swamp:4  | Reached ****** piety under Okawaru
 39670 | Swamp:4  | Received a gift from Okawaru
 39698 | Swamp:4  | Reached skill level 13 in Fighting
 39698 | Swamp:4  | Reached skill level 13 in Armour
 39698 | Swamp:4  | Reached skill level 13 in Shields
 40297 | Swamp:4  | Reached XP level 18. HP: 128/128 MP: 33/33
 40337 | Swamp:4  | Got a decaying rune of Zot
 41376 | Spider:1 | Entered Level 1 of the Spider Nest
 41701 | Spider:1 | Noticed Roxanne
 41710 | Spider:1 | Got a brightly glowing glass ring
 41737 | Spider:1 | Killed Roxanne
 41738 | Spider:1 | Identified Roxanne's Volume of Stones (You took it off Roxanne on level 1 of the Spider Nest)
 41749 | Spider:1 | Identified the ring of Tempters {*Slow rPois rN+ Str+4} (You found it on level 1 of the Spider Nest)
 43064 | Spider:2 | Received a gift from Okawaru
 43358 | Spider:2 | Reached skill level 12 in Short Blades
 43358 | Spider:2 | Reached skill level 12 in Long Blades
 43358 | Spider:2 | Reached skill level 12 in Maces & Flails
 43358 | Spider:2 | Reached skill level 12 in Polearms
 43358 | Spider:2 | Reached skill level 12 in Staves
 43358 | Spider:2 | Reached skill level 12 in Slings
 43358 | Spider:2 | Reached skill level 12 in Bows
 43358 | Spider:2 | Reached skill level 12 in Crossbows
 43358 | Spider:2 | Reached skill level 12 in Throwing
 43358 | Spider:2 | Reached skill level 12 in Dodging
 43358 | Spider:2 | Reached skill level 12 in Stealth
 43358 | Spider:2 | Reached skill level 12 in Unarmed Combat
 43358 | Spider:2 | Reached skill level 12 in Spellcasting
 43358 | Spider:2 | Reached skill level 12 in Conjurations
 43358 | Spider:2 | Reached skill level 12 in Hexes
 43358 | Spider:2 | Reached skill level 12 in Charms
 43358 | Spider:2 | Reached skill level 12 in Summonings
 43358 | Spider:2 | Reached skill level 12 in Necromancy
 43358 | Spider:2 | Reached skill level 12 in Translocations
 43358 | Spider:2 | Reached skill level 12 in Transmutations
 43358 | Spider:2 | Reached skill level 12 in Fire Magic
 43358 | Spider:2 | Reached skill level 12 in Ice Magic
 43358 | Spider:2 | Reached skill level 12 in Air Magic
 43358 | Spider:2 | Reached skill level 12 in Earth Magic
 43358 | Spider:2 | Reached skill level 12 in Poison Magic
 43358 | Spider:2 | Reached skill level 12 in Invocations
 43358 | Spider:2 | Reached skill level 12 in Evocations
 44331 | Spider:3 | Received a gift from Okawaru
 44336 | Spider:3 | Got a crude trident {god gift}
 44340 | Spider:2 | Identified the +1 trident "Wiaghu" {vamp, rPois} (Okawaru gifted it to you on level 3 of the Spider Nest)
 44387 | Spider:3 | Noticed Kirke
 44392 | Spider:3 | Noticed Arachne
 44408 | Spider:3 | Killed Kirke
 44420 | Spider:3 | Killed Arachne
 44789 | Spider:3 | HP: 31/129 [wolf spider (2)]
 45256 | Spider:3 | Reached XP level 19. HP: 129/135 MP: 35/35
 45288 | Spider:3 | Received a gift from Okawaru
 45381 | Spider:3 | Reached skill level 13 in Axes
 45885 | Spider:4 | Entered Level 4 of the Spider Nest
 45892 | Spider:4 | Received a gift from Okawaru
 47160 | Spider:4 | Got a gossamer rune of Zot
 47467 | Vaults:1 | Entered Level 1 of the Vaults
 47654 | Vaults:1 | Reached skill level 14 in Fighting
 47654 | Vaults:1 | Reached skill level 14 in Armour
 47654 | Vaults:1 | Reached skill level 14 in Shields
 47971 | Vaults:1 | Received a gift from Okawaru
 48017 | Vaults:1 | Received a gift from Okawaru
 48109 | Vaults:1 | Noticed Rikado's ghost (adept BaAK)
 48158 | Vaults:1 | Killed Rikado's ghost
 48514 | Vaults:1 | Reached XP level 20. HP: 79/143 MP: 31/36
 48987 | Vaults:1 | Found Keapsaz's Antique Armour Emporium.
 49003 | Vaults:1 | Received a gift from Okawaru
 49091 | Vaults:1 | Learned a level 6 spell: Statue Form
 49098 | Vaults:1 | Learned a level 6 spell: Iron Shot
 49320 | Vaults:2 | Received a gift from Okawaru
 49320 | Vaults:2 | Reached skill level 13 in Short Blades
 49320 | Vaults:2 | Reached skill level 13 in Long Blades
 49320 | Vaults:2 | Reached skill level 13 in Maces & Flails
 49320 | Vaults:2 | Reached skill level 13 in Polearms
 49320 | Vaults:2 | Reached skill level 13 in Staves
 49320 | Vaults:2 | Reached skill level 13 in Slings
 49320 | Vaults:2 | Reached skill level 13 in Bows
 49320 | Vaults:2 | Reached skill level 13 in Crossbows
 49320 | Vaults:2 | Reached skill level 13 in Throwing
 49320 | Vaults:2 | Reached skill level 13 in Dodging
 49320 | Vaults:2 | Reached skill level 13 in Stealth
 49320 | Vaults:2 | Reached skill level 13 in Unarmed Combat
 49320 | Vaults:2 | Reached skill level 13 in Spellcasting
 49320 | Vaults:2 | Reached skill level 13 in Conjurations
 49320 | Vaults:2 | Reached skill level 13 in Hexes
 49320 | Vaults:2 | Reached skill level 13 in Charms
 49320 | Vaults:2 | Reached skill level 13 in Summonings
 49320 | Vaults:2 | Reached skill level 13 in Necromancy
 49320 | Vaults:2 | Reached skill level 13 in Translocations
 49320 | Vaults:2 | Reached skill level 13 in Transmutations
 49320 | Vaults:2 | Reached skill level 13 in Fire Magic
 49320 | Vaults:2 | Reached skill level 13 in Ice Magic
 49320 | Vaults:2 | Reached skill level 13 in Air Magic
 49320 | Vaults:2 | Reached skill level 13 in Earth Magic
 49320 | Vaults:2 | Reached skill level 13 in Poison Magic
 49320 | Vaults:2 | Reached skill level 13 in Invocations
 49320 | Vaults:2 | Reached skill level 13 in Evocations
 49682 | Vaults:2 | Noticed Bai Suzhen
 49712 | Vaults:2 | Killed Bai Suzhen
 49712 | Vaults:2 | Received a gift from Okawaru
 49867 | Vaults:2 | Found a staircase to the Crypt.
 49867 | Vaults:2 | Found a basalt altar of Yredelemnul.
 49868 | Vaults:2 | Found an ancient bone altar of Kikubaaqudgha.
 49922 | Vaults:2 | Received a gift from Okawaru
 49952 | Vaults:2 | Received a gift from Okawaru
 50397 | Vaults:2 | Found Qeyq's Book Boutique.
 50922 | Vaults:2 | Found a portal to a secret trove of treasure.
 51079 | Vaults:2 | HP: 28/144 [ice dragon/blast of cold (30)]
 51501 | Vaults:2 | Reached skill level 14 in Axes
 51917 | Vaults:3 | Reached XP level 21. HP: 124/149 MP: 34/38
 51982 | Vaults:3 | Got a steaming arbalest
 52276 | Vaults:3 | Received a gift from Okawaru
 52387 | Vaults:3 | Noticed Brenkie's ghost (adept GrFi)
 52430 | Vaults:3 | Killed Brenkie's ghost
 53065 | Vaults:3 | Identified the cursed +0 arbalest of a bailey {penet, rPois rF+} (You took it off a vault sentinel on level 3 of the Vaults)
 53717 | Vaults:4 | Found a roughly hewn altar of Beogh.
 53856 | Vaults:4 | Received a gift from Okawaru
 53856 | Vaults:4 | Reached skill level 15 in Fighting
 53856 | Vaults:4 | Reached skill level 15 in Armour
 53856 | Vaults:4 | Reached skill level 15 in Shields
 54347 | Vaults:4 | Received a gift from Okawaru
 54404 | Vaults:4 | Received a gift from Okawaru
 54965 | Depths:1 | Entered Level 1 of the Depths
 54985 | Depths:1 | Received a gift from Okawaru
 55095 | Depths:1 | Reached skill level 14 in Short Blades
 55095 | Depths:1 | Reached skill level 14 in Long Blades
 55095 | Depths:1 | Reached skill level 14 in Maces & Flails
 55095 | Depths:1 | Reached skill level 14 in Polearms
 55095 | Depths:1 | Reached skill level 14 in Staves
 55095 | Depths:1 | Reached skill level 14 in Slings
 55095 | Depths:1 | Reached skill level 14 in Bows
 55095 | Depths:1 | Reached skill level 14 in Crossbows
 55095 | Depths:1 | Reached skill level 14 in Throwing
 55095 | Depths:1 | Reached skill level 14 in Dodging
 55095 | Depths:1 | Reached skill level 14 in Stealth
 55095 | Depths:1 | Reached skill level 14 in Unarmed Combat
 55095 | Depths:1 | Reached skill level 14 in Spellcasting
 55095 | Depths:1 | Reached skill level 14 in Conjurations
 55095 | Depths:1 | Reached skill level 14 in Hexes
 55095 | Depths:1 | Reached skill level 14 in Charms
 55095 | Depths:1 | Reached skill level 14 in Summonings
 55095 | Depths:1 | Reached skill level 14 in Necromancy
 55095 | Depths:1 | Reached skill level 14 in Translocations
 55095 | Depths:1 | Reached skill level 14 in Transmutations
 55095 | Depths:1 | Reached skill level 14 in Fire Magic
 55095 | Depths:1 | Reached skill level 14 in Ice Magic
 55095 | Depths:1 | Reached skill level 14 in Air Magic
 55095 | Depths:1 | Reached skill level 14 in Earth Magic
 55095 | Depths:1 | Reached skill level 14 in Poison Magic
 55095 | Depths:1 | Reached skill level 14 in Invocations
 55095 | Depths:1 | Reached skill level 14 in Evocations
 55244 | Depths:1 | Received a gift from Okawaru
 55550 | Depths:1 | Found a gateway to Hell.
 55626 | Depths:1 | Reached XP level 22. HP: 117/157 MP: 40/40
 56210 | Depths:1 | Found a one-way gate to the infinite horrors of the Abyss.
 57108 | Depths:2 | Received a gift from Okawaru
 57270 | Depths:2 | Noticed the Enchantress
 57277 | Depths:2 | Noticed Jorgrun
 57293 | Depths:2 | Killed the Enchantress
 57293 | Depths:2 | Received a gift from Okawaru
 57305 | Depths:2 | HP: 39/158 [fire dragon/blast of flame (3)]
 57310 | Depths:2 | HP: 34/158 [spriggan air mage/the air[the Enchantress] (6)]
 57322 | Depths:2 | HP: 24/158 [spriggan air mage/the air[the Enchantress] (13)]
 57797 | Depths:2 | Received a gift from Okawaru
 57896 | Depths:2 | Killed Jorgrun
 57916 | Depths:2 | Received a gift from Okawaru
 57916 | Depths:2 | Reached skill level 15 in Axes
 57950 | Depths:2 | HP: 35/158 [hell knight/bolt of fire (7)]
 57961 | Depths:2 | HP: 33/158 [hell knight/bolt of fire (16)]
 57966 | Depths:2 | HP: 23/158 [spriggan air mage/the air (11)]
 58694 | Depths:2 | Identified the +1 faerie dragon scales {-Tele rCorr Str+4 Int+4} (You took it off the Enchantress on level 2 of the Depths)
 59051 | Depths:2 | Noticed a golden dragon
 59062 | Depths:2 | Killed a golden dragon
 59102 | Depths:2 | Received a gift from Okawaru
 59142 | Depths:2 | Reached XP level 23. HP: 111/164 MP: 41/41
 59156 | Depths:2 | Learned a level 3 spell: Regeneration
 60131 | Depths:3 | Found a gateway to a ziggurat.
 60352 | Depths:3 | Received a gift from Okawaru
 60717 | Depths:3 | Received a gift from Okawaru
 60733 | Depths:3 | Got a ruby-encrusted plate armour {god gift}
 60734 | Depths:3 | Identified the +5 plate armour "Zisoh" {rN+ rCorr Dex-5} (Okawaru gifted it to you on level 3 of the Depths)
 61067 | Depths:3 | Noticed a juggernaut
 61081 | Depths:3 | Killed a juggernaut
 61142 | Depths:3 | Noticed a juggernaut
 61169 | Depths:3 | Killed a juggernaut
 61552 | Depths:3 | Noticed Margery
 61569 | Depths:3 | Killed Margery
 61879 | Depths:4 | Reached skill level 16 in Fighting
 61879 | Depths:4 | Reached skill level 16 in Armour
 61879 | Depths:4 | Reached skill level 16 in Shields
 61885 | Depths:4 | Noticed Frederick
 61909 | Depths:4 | Killed Frederick
 61911 | Depths:4 | Noticed Louise
 61937 | Depths:4 | Killed Louise
 62070 | Depths:4 | Reached skill level 15 in Short Blades
 62070 | Depths:4 | Reached skill level 15 in Long Blades
 62070 | Depths:4 | Reached skill level 15 in Maces & Flails
 62070 | Depths:4 | Reached skill level 15 in Polearms
 62070 | Depths:4 | Reached skill level 15 in Staves
 62070 | Depths:4 | Reached skill level 15 in Slings
 62070 | Depths:4 | Reached skill level 15 in Bows
 62070 | Depths:4 | Reached skill level 15 in Crossbows
 62070 | Depths:4 | Reached skill level 15 in Throwing
 62070 | Depths:4 | Reached skill level 15 in Dodging
 62070 | Depths:4 | Reached skill level 15 in Stealth
 62070 | Depths:4 | Reached skill level 15 in Unarmed Combat
 62070 | Depths:4 | Reached skill level 15 in Spellcasting
 62070 | Depths:4 | Reached skill level 15 in Conjurations
 62070 | Depths:4 | Reached skill level 15 in Hexes
 62070 | Depths:4 | Reached skill level 15 in Charms
 62070 | Depths:4 | Reached skill level 15 in Summonings
 62070 | Depths:4 | Reached skill level 15 in Necromancy
 62070 | Depths:4 | Reached skill level 15 in Translocations
 62070 | Depths:4 | Reached skill level 15 in Transmutations
 62070 | Depths:4 | Reached skill level 15 in Fire Magic
 62070 | Depths:4 | Reached skill level 15 in Ice Magic
 62070 | Depths:4 | Reached skill level 15 in Air Magic
 62070 | Depths:4 | Reached skill level 15 in Earth Magic
 62070 | Depths:4 | Reached skill level 15 in Poison Magic
 62070 | Depths:4 | Reached skill level 15 in Invocations
 62070 | Depths:4 | Reached skill level 15 in Evocations
 62091 | Depths:4 | Found Ypito's Gadget Emporium.
 62094 | Depths:4 | Found Ynaur's Jewellery Boutique.
 62096 | Depths:4 | Found Ami Vif's Gadget Emporium.
 62104 | Depths:4 | Bought the ring "Qaennydo" {rF+ rN+++ Int+2 Dex-2 SInv} for 858 gold pieces
 62113 | Depths:4 | Bought the amulet "Oxibargh" {RegenMP rElec SInv} for 723 gold pieces
 62393 | Orc:2    | Bought a glowing hat for 175 gold pieces
 62722 | Lair:1   | Learned a level 5 spell: Dispel Undead
 62950 | Depths:4 | Noticed Sojobo
 62973 | Depths:4 | Killed Sojobo
 63427 | Depths:4 | Received a gift from Okawaru
 63554 | Depths:4 | Received a gift from Okawaru
 63590 | Depths:4 | Paralysed by a great orb of eyes for 3 turns
 63818 | Depths:4 | Noticed a caustic shrike
 63820 | Depths:4 | Noticed a golden dragon
 63831 | Depths:4 | Reached XP level 24. HP: 68/171 MP: 39/42
 63847 | Depths:4 | HP: 34/171 [fire giant/fireball (17)]
 63859 | Depths:4 | HP: 41/171 [acid (4)]
 63872 | Depths:3 | HP: 41/171 [caustic shrike (16)]
 63878 | Depths:3 | Killed a caustic shrike
 64463 | Depths:4 | Noticed a juggernaut
 64469 | Depths:4 | HP: 35/171 [tengu reaver/bolt of magma (19)]
 64470 | Depths:4 | Mangled by a juggernaut

Vault maps used:
D:1:      dpeg_arrival_water_temple_mockup, serial_bayou_ford_a
D:2:      first_bread
D:3:      gup_sewer_entry_bubbles, uniq_terence
D:4:      kennysheep_generic_room_8
D:5:      zin_purify, tgw_sif, uniq_menkaure
D:6:      fedhas_bush_and_centaur_altar
D:7:      marbit_many_paths, lemuel_round_altar, nicolae_overflow_hidden_temple,
          minmay_temple_entry_glassed_door, uniq_crazy_yiuf_cottage, uniq_pikel
D:8:      minmay_distorted_concentric_squares, evilmike_ruin_ashenzari,
          enter_bailey_3
D:9:      minmay_chopped_fan, gammafunk_temple_overflow_elements,
          lair_entry_dummy, uniq_gastronok
D:10:     grunt_ogre_cave
D:11:     david_orc_1_choice, bh_walls_and_bars
D:12:     bh_circular_ruins, uniq_psyche
D:13:     serial_shops, shop
D:14:     gammafunk_cloud_chamber, grunt_vaults_entry_tiered,
          lemuel_statue_altar
D:15:     grunt_enter_depths_snipers, basic_altar, corexii_corridor_pit
Temple:   eino_temple_lava
Lair:1:   lemuel_oklob_altar
Lair:2:   minmay_lair_oklob_bushes, grunt_megastairs_1, lemuel_fruit_tree
Lair:3:   nicolae_spider_entry_orb_guardian
Lair:4:   minmay_swamp_entry_swarm, lab_entry_generic,
          small_statue_intersection, pf_torpor_hydra
Lair:6:   due_jungle_book, slime_altar_1, portal_ice_cave_entry_ice_beasts,
          basic_altar, minivault_19, serial_bayou_shore_b, uniq_josephine
Swamp:1:  hangedman_swamp_ruin_hall, swamp_pool1
Swamp:2:  hangedman_swamp_ruin_wall
Swamp:3:  hangedman_swamp_cone, grunt_hermit_hut, uniq_nikola
Swamp:4:  swamp_alternative, swamp_pool1
Spider:1: zaba_antful_of_joy, uniq_roxanne
Spider:3: nicolae_arachne_temple, uniq_kirke
Spider:4: grunt_spider_rune_island, spider_trap,
          hangedman_spider_tarantella_strand, uniq_arachne
Orc:1:    serial_shops, shop, basic_altar, uniq_snorg
Orc:2:    pf_orc_diabolical
Vaults:1: ontoclasm_vaults_tryst, ontoclasm_vaults_claustrophobia,
          nicolae_vaults_mini_display_case, nicolae_vaults_little_squares_6,
          v_rooms_5, serial_shops, nicolae_shop_overgrown_old_shop
Vaults:2: vaults_room_hallway, minmay_crypt_entry_necro_gods,
          hangedman_vaults_stream, v_pattern_2, hangedman_vaults_nails,
          v_misc_9, nicolae_vaults_back_hallway, hangedman_vaults_stagger,
          nicolae_vaults_know_your_exits, ontoclasm_vaults_chip,
          vaults_mumra_lcd, enter_trove_0, serial_shops, nicolae_shop_trees,
          uniq_bai_suzhen
Vaults:3: v_misc_26, ontoclasm_vaults_pinch, hangedman_vaults_capsules,
          nicolae_vaults_network_s, nicolae_vaults_three_branches,
          vaults_dpeg_diagonal, v_misc_10
Vaults:4: nicolae_vaults_shelves_hall, vaults_dpeg_encased_lava,
          nicolae_vaults_hallways_thing, special_room_vaults, v_misc_10
Depths:1: hangedman_abyss_or_decor_stagger, rand_demon_pan_entry_8,
          hangedman_coc_ice_floe, hangedman_abyss_entry_splay,
          kennysheep_generic_room_10
Depths:2: cross_vault, minmay_door_square, hell_entry, rand_demon_pan_entry_1,
          uniq_enchantress, uniq_jorgrun
Depths:3: minmay_stepped, enter_ziggurat_c, grunt_pan_entry_in_and_out,
          hell_entry, minmay_liquid_box, uniq_margery
Depths:4: minmay_tearing_corner, nicolae_abyss_entry_one_way_or_another,
          hell_entry, serial_sigils_hangedman_confine, evilmike_butchery,
          minmay_shop_grove, uniq_frederick, uniq_sojobo
Lab:      labyrinth_hidden_loot, lab_block, nicolae_lab_quarters,
          nicolae_lab_grate, nicolae_lab_starburst, nicolae_lab_diamond
Sewer:    kennysheep_door_sewer
Bailey:   bailey_polearm_2, bailey
IceCv:    ice_cave_tombish

Skill      XL: |  1  2  3  4  5  6  7  8  9 10 11 12 13 14 15 16 17 18 19 20 21 22 23 |
---------------+----------------------------------------------------------------------+-----
Short Blades   | 1 2 3 4 5 6 8 9 10 11 12 13 14 15 | 15.2
Long Blades    | 1 2 3 4 5 6 8 9 10 11 12 13 14 15 | 15.2
Maces & Flails | 1 2 3 4 5 6 8 9 10 11 12 13 14 15 | 15.2
Polearms       | 1 2 3 4 5 6 8 9 10 11 12 13 14 15 | 15.2
Staves         | 1 2 3 4 5 6 8 9 10 11 12 13 14 15 | 15.2
Slings         | 1 2 3 4 5 6 8 9 10 11 12 13 14 15 | 15.2
Bows           | 1 2 3 4 5 6 8 9 10 11 12 13 14 15 | 15.2
Crossbows      | 1 2 3 4 5 6 8 9 10 11 12 13 14 15 | 15.2
Throwing       | 1 2 3 4 5 6 8 9 10 11 12 13 14 15 | 15.2
Dodging        | 1 2 3 4 5 6 8 9 10 11 12 13 14 15 | 15.2
Stealth        | 1 2 3 4 5 6 8 9 10 11 12 13 14 15 | 15.2
Unarmed Combat | 1 2 3 4 5 6 8 9 10 11 12 13 14 15 | 15.2
Spellcasting   | 1 2 3 4 5 6 8 9 10 11 12 13 14 15 | 15.2
Conjurations   | 1 2 3 4 5 6 8 9 10 11 12 13 14 15 | 15.2
Hexes          | 1 2 3 4 5 6 8 9 10 11 12 13 14 15 | 15.2
Charms         | 1 2 3 4 5 6 8 9 10 11 12 13 14 15 | 15.2
Summonings     | 1 2 3 4 5 6 8 9 10 11 12 13 14 15 | 15.2
Necromancy     | 1 2 3 4 5 6 8 9 10 11 12 13 14 15 | 15.2
Translocations | 1 2 3 4 5 6 8 9 10 11 12 13 14 15 | 15.2
Transmutations | 1 2 3 4 5 6 8 9 10 11 12 13 14 15 | 15.2
Fire Magic     | 1 2 3 4 5 6 8 9 10 11 12 13 14 15 | 15.2
Ice Magic      | 1 2 3 4 5 6 8 9 10 11 12 13 14 15 | 15.2
Air Magic      | 1 2 3 4 5 6 8 9 10 11 12 13 14 15 | 15.2
Earth Magic    | 1 2 3 4 5 6 8 9 10 11 12 13 14 15 | 15.2
Poison Magic   | 1 2 3 4 5 6 8 9 10 11 12 13 14 15 | 15.2
Invocations    | 1 2 3 4 5 6 8 9 10 11 12 13 14 15 | 15.2
Evocations     | 1 2 3 4 5 6 8 9 10 11 12 13 14 15 | 15.2
Axes           | 5 6 7 8 9 10 11 12 13 14 15 | 15.7
Fighting       | 7 8 9 10 11 12 13 14 15 16 | 16.2
Armour         | 7 8 9 10 11 12 13 14 15 16 | 16.2
Shields        | 7 8 9 10 11 12 13 14 15 16 | 16.2

Action                   |  1- 3 |  4- 6 |  7- 9 | 10-12 | 13-15 | 16-18 | 19-21 | 22-24 || total
-------------------------+-------+-------+-------+-------+-------+-------+-------+-------++-------
Melee: War axe           |   114 |   113 |       |       |       |       |       |       ||   227
       Bite              |    10 |    13 |    40 |   119 |   222 |   306 |   319 |   200 ||  1229
       Flail             |       |    48 |   413 |   639 |       |       |       |       ||  1100
       Broad axe         |       |       |       |   227 |   695 |  1320 |  1507 |   922 ||  4671
       Mace              |       |       |       |       |   125 |       |       |       ||   125
       Scimitar          |       |       |       |       |   557 |   127 |       |       ||   684
       Demon trident     |       |       |       |       |       |    39 |       |       ||    39
Throw: Javelin           |       |       |       |       |       |       |   142 |   163 ||   305
 Cast: Regeneration      |       |       |       |       |       |       |       |     8 ||     8
       Sticky Flame      |       |       |       |       |       |       |       |     1 ||     1
Invok: Heroism           |       |       |       |    10 |    36 |    28 |    34 |    26 ||   134
       Finesse           |       |       |       |     2 |     9 |    14 |    14 |    12 ||    51
 Abil: Evoke Ratskin     |       |       |       |       |     3 |       |       |       ||     3
Evoke: Wand              |       |       |       |    27 |    27 |    50 |     2 |     3 ||   109
       Lightning rod     |       |       |       |     4 |     8 |    11 |     3 |    22 ||    48
       Phantom mirror    |       |       |       |     1 |       |       |       |       ||     1
       Fan of gales      |       |       |       |       |     1 |       |       |     1 ||     2
       Sack of spiders   |       |       |       |       |       |       |     2 |     1 ||     3
  Use: Scroll            |       |     3 |    16 |    14 |    21 |    15 |    13 |    10 ||    92
       Potion            |       |       |     4 |    11 |     1 |     5 |     2 |     4 ||    27
 Stab: Confused          |       |       |       |     4 |       |     5 |     1 |       ||    10
       Distracted        |       |       |       |       |     2 |       |       |     2 ||     4
       Sleeping          |       |       |       |       |       |     6 |     1 |     1 ||     8
       Paralysed         |       |       |       |       |       |    13 |       |       ||    13
       Invisible         |       |       |       |       |       |     5 |       |       ||     5
  Eat: Chunk             |       |     7 |    18 |    14 |    23 |    27 |    22 |    14 ||   125
       Fruit             |       |       |     1 |       |       |       |     1 |       ||     2
       Bread ration      |       |       |       |     3 |     5 |     3 |     2 |     4 ||    17
       Meat ration       |       |       |       |     1 |       |     1 |       |       ||     2
Armor: Scale mail        |    59 |    72 |   185 |    59 |       |       |       |       ||   375
       Plate armour      |       |       |       |   502 |   561 |       |       |   138 ||  1201
       Chain mail        |       |       |       |       |    19 |   576 |   346 |   132 ||  1073
Dodge: Dodged            |    45 |    56 |   161 |   383 |   509 |   796 |   482 |   308 ||  2740
Block: Shield            |    70 |    84 |   290 |   668 |   867 |   868 |       |       ||  2847
       Large shield      |       |       |       |       |       |   307 |  1322 |   842 ||  2471
       Rpst.: Scimitar   |       |       |       |       |    47 |     3 |       |       ||    50

Table legend:
 A = Spawn XP
 B = Non-spawn XP
 C = Spawn XP percentage of total XP
 D = Spawn monster count
 E = Non-spawn monster count
 F = Spawn count percentage of total count
 G = Total turns spent on level
                    A         B        C        D         E        F      G
               +---------+---------+-------+---------+---------+-------+---------
         Total |       0 |  822923 |   0.0 |       0 |    1848 |   0.0 | 64470
               +---------+---------+-------+---------+---------+-------+---------
           D:1 |       0 |      43 |   0.0 |       0 |      22 |   0.0 |   797
           D:2 |       0 |      60 |   0.0 |       0 |      23 |   0.0 |   615
           D:3 |       0 |     124 |   0.0 |       0 |      27 |   0.0 |   903
           D:4 |       0 |     335 |   0.0 |       0 |      18 |   0.0 |   987
           D:5 |       0 |    1555 |   0.0 |       0 |      29 |   0.0 |  2207
           D:6 |       0 |     737 |   0.0 |       0 |      17 |   0.0 |  1261
           D:7 |       0 |    1366 |   0.0 |       0 |      17 |   0.0 |  1555
           D:8 |       0 |    2691 |   0.0 |       0 |      44 |   0.0 |  1919
           D:9 |       0 |   10443 |   0.0 |       0 |      41 |   0.0 |  3234
          D:10 |       0 |    3050 |   0.0 |       0 |      15 |   0.0 |   887
          D:11 |       0 |    7294 |   0.0 |       0 |      49 |   0.0 |  1587
          D:12 |       0 |    1912 |   0.0 |       0 |      30 |   0.0 |   662
          D:13 |       0 |    4558 |   0.0 |       0 |      22 |   0.0 |   895
          D:14 |       0 |   18815 |   0.0 |       0 |      56 |   0.0 |  1370
          D:15 |       0 |   12628 |   0.0 |       0 |      36 |   0.0 |  1550
        Lair:1 |       0 |    5231 |   0.0 |       0 |      20 |   0.0 |  1764
        Lair:2 |       0 |    4038 |   0.0 |       0 |      21 |   0.0 |  1672
        Lair:3 |       0 |    5103 |   0.0 |       0 |      20 |   0.0 |  1489
        Lair:4 |       0 |    7199 |   0.0 |       0 |      21 |   0.0 |  2556
        Lair:5 |       0 |    6732 |   0.0 |       0 |      28 |   0.0 |  1228
        Lair:6 |       0 |   27834 |   0.0 |       0 |      67 |   0.0 |  2624
       Swamp:1 |       0 |    6279 |   0.0 |       0 |      17 |   0.0 |  1011
       Swamp:2 |       0 |   21000 |   0.0 |       0 |      47 |   0.0 |  1292
       Swamp:3 |       0 |   18960 |   0.0 |       0 |      34 |   0.0 |  1577
       Swamp:4 |       0 |   30218 |   0.0 |       0 |      69 |   0.0 |  1674
      Spider:1 |       0 |   25767 |   0.0 |       0 |      82 |   0.0 |  1499
      Spider:2 |       0 |   14035 |   0.0 |       0 |      45 |   0.0 |  1602
      Spider:3 |       0 |   36655 |   0.0 |       0 |      77 |   0.0 |  1568
      Spider:4 |       0 |   36649 |   0.0 |       0 |      74 |   0.0 |  1057
         Orc:1 |       0 |    2948 |   0.0 |       0 |      25 |   0.0 |   714
         Orc:2 |       0 |   19850 |   0.0 |       0 |      98 |   0.0 |  2554
      Vaults:1 |       0 |   49085 |   0.0 |       0 |      87 |   0.0 |  1940
      Vaults:2 |       0 |   62754 |   0.0 |       0 |      93 |   0.0 |  2506
      Vaults:3 |       0 |   49399 |   0.0 |       0 |      66 |   0.0 |  1802
      Vaults:4 |       0 |   52725 |   0.0 |       0 |     102 |   0.0 |  1408
      Depths:1 |       0 |   46686 |   0.0 |       0 |      58 |   0.0 |  3016
      Depths:2 |       0 |   85080 |   0.0 |       0 |      98 |   0.0 |  1497
      Depths:3 |       0 |   68737 |   0.0 |       0 |      68 |   0.0 |  2485
      Depths:4 |       0 |   66893 |   0.0 |       0 |      52 |   0.0 |  1444
           Lab |       0 |    1709 |   0.0 |       0 |       3 |   0.0 |   518
         Sewer |       0 |     243 |   0.0 |       0 |       6 |   0.0 |   268
         IceCv |       0 |    5503 |   0.0 |       0 |      24 |   0.0 |  1191
               +---------+---------+-------+---------+---------+-------+---------

Vault maps used:
D:1:      dpeg_arrival_water_temple_mockup, serial_bayou_ford_a
D:2:      first_bread
D:3:      gup_sewer_entry_bubbles, uniq_terence
D:4:      kennysheep_generic_room_8
D:5:      zin_purify, tgw_sif, uniq_menkaure
D:6:      fedhas_bush_and_centaur_altar
D:7:      marbit_many_paths, lemuel_round_altar, nicolae_overflow_hidden_temple,
          minmay_temple_entry_glassed_door, uniq_crazy_yiuf_cottage, uniq_pikel
D:8:      minmay_distorted_concentric_squares, evilmike_ruin_ashenzari,
          enter_bailey_3
D:9:      minmay_chopped_fan, gammafunk_temple_overflow_elements,
          lair_entry_dummy, uniq_gastronok
D:10:     grunt_ogre_cave
D:11:     david_orc_1_choice, bh_walls_and_bars
D:12:     bh_circular_ruins, uniq_psyche
D:13:     serial_shops, shop
D:14:     gammafunk_cloud_chamber, grunt_vaults_entry_tiered,
          lemuel_statue_altar
D:15:     grunt_enter_depths_snipers, basic_altar, corexii_corridor_pit
Temple:   eino_temple_lava
Lair:1:   lemuel_oklob_altar
Lair:2:   minmay_lair_oklob_bushes, grunt_megastairs_1, lemuel_fruit_tree
Lair:3:   nicolae_spider_entry_orb_guardian
Lair:4:   minmay_swamp_entry_swarm, lab_entry_generic,
          small_statue_intersection, pf_torpor_hydra
Lair:6:   due_jungle_book, slime_altar_1, portal_ice_cave_entry_ice_beasts,
          basic_altar, minivault_19, serial_bayou_shore_b, uniq_josephine
Swamp:1:  hangedman_swamp_ruin_hall, swamp_pool1
Swamp:2:  hangedman_swamp_ruin_wall
Swamp:3:  hangedman_swamp_cone, grunt_hermit_hut, uniq_nikola
Swamp:4:  swamp_alternative, swamp_pool1
Spider:1: zaba_antful_of_joy, uniq_roxanne
Spider:3: nicolae_arachne_temple, uniq_kirke
Spider:4: grunt_spider_rune_island, spider_trap,
          hangedman_spider_tarantella_strand, uniq_arachne
Orc:1:    serial_shops, shop, basic_altar, uniq_snorg
Orc:2:    pf_orc_diabolical
Vaults:1: ontoclasm_vaults_tryst, ontoclasm_vaults_claustrophobia,
          nicolae_vaults_mini_display_case, nicolae_vaults_little_squares_6,
          v_rooms_5, serial_shops, nicolae_shop_overgrown_old_shop
Vaults:2: vaults_room_hallway, minmay_crypt_entry_necro_gods,
          hangedman_vaults_stream, v_pattern_2, hangedman_vaults_nails,
          v_misc_9, nicolae_vaults_back_hallway, hangedman_vaults_stagger,
          nicolae_vaults_know_your_exits, ontoclasm_vaults_chip,
          vaults_mumra_lcd, enter_trove_0, serial_shops, nicolae_shop_trees,
          uniq_bai_suzhen
Vaults:3: v_misc_26, ontoclasm_vaults_pinch, hangedman_vaults_capsules,
          nicolae_vaults_network_s, nicolae_vaults_three_branches,
          vaults_dpeg_diagonal, v_misc_10
Vaults:4: nicolae_vaults_shelves_hall, vaults_dpeg_encased_lava,
          nicolae_vaults_hallways_thing, special_room_vaults, v_misc_10
Depths:1: hangedman_abyss_or_decor_stagger, rand_demon_pan_entry_8,
          hangedman_coc_ice_floe, hangedman_abyss_entry_splay,
          kennysheep_generic_room_10
Depths:2: cross_vault, minmay_door_square, hell_entry, rand_demon_pan_entry_1,
          uniq_enchantress, uniq_jorgrun
Depths:3: minmay_stepped, enter_ziggurat_c, grunt_pan_entry_in_and_out,
          hell_entry, minmay_liquid_box, uniq_margery
Depths:4: minmay_tearing_corner, nicolae_abyss_entry_one_way_or_another,
          hell_entry, serial_sigils_hangedman_confine, evilmike_butchery,
          minmay_shop_grove, uniq_frederick, uniq_sojobo
Lab:      labyrinth_hidden_loot, lab_block, nicolae_lab_quarters,
          nicolae_lab_grate, nicolae_lab_starburst, nicolae_lab_diamond
Sewer:    kennysheep_door_sewer
Bailey:   bailey_polearm_2, bailey
IceCv:    ice_cave_tombish

Table legend:
 A = Turns spent in this place as a percentage of turns spent in the entire game.
 B = Non-inter-level travel turns spent in this place as a percentage of non-inter-level travel turns spent in the entire game.
 C = Inter-level travel turns spent in this place as a percentage of turns spent in this place.
 D = Turns resting spent in this place as a percentage of non-inter-level travel turns spent in this place.
 E = Turns spent auto-exploring this place as a percentage of non-inter-level travel turns spent in this place.
 F = Non-inter-level travel turns spent in this place divided by the number of levels of this place that you've seen.
                   A       B       C       D       E      F
               +-------+-------+-------+-------+-------+----------------------
         Total | 100.0 | 100.0 |   6.8 |  34.8 |  40.6 | 1366.2
       Dungeon |  31.7 |  30.8 |   9.4 |  28.6 |  50.7 | 1233.5
        Temple |   0.1 |   0.1 |  15.0 |   0.0 |  80.9 |  68.0
          Lair |  17.6 |  17.2 |   8.5 |  42.1 |  37.2 | 1727.7
         Swamp |   8.6 |   8.9 |   3.3 |  41.0 |  35.9 | 1342.2
   Spider Nest |   8.9 |   9.3 |   2.1 |  28.2 |  42.0 | 1401.0
  Orcish Mines |   5.1 |   5.0 |   8.4 |  36.3 |  31.5 | 1497.5
        Vaults |  11.9 |  12.0 |   5.8 |  25.2 |  46.3 | 1803.5
        Depths |  13.1 |  13.3 |   5.1 |  42.5 |  29.2 | 2003.5
     Labyrinth |   0.8 |   0.9 |   0.0 |  62.4 |   0.0 | 518.0
         Sewer |   0.4 |   0.4 |   0.0 |  41.0 |  33.6 | 268.0
        Bailey |   0.0 |   0.0 |   0.0 |   0.0 |  20.0 |   5.0
      Ice Cave |   1.8 |   2.0 |   0.0 |  59.8 |  10.9 | 1191.0
               +-------+-------+-------+-------+-------+----------------------

Table legend:
 A = Kills in this place as a percentage of kills in entire the game.
 B = Kills by you in this place as a percentage of kills by you in the entire game.
 C = Kills by friends in this place as a percentage of kills by friends in the entire game.
 D = Other kills in this place as a percentage of other kills in the entire game.
 E = Experience gained in this place as a percentage of experience gained in the entire game.
 F = Experience gained in this place divided by the number of levels of this place that you have seen.
                   A       B       C       D       E      F
               +-------+-------+-------+-------+-------+----------------------
         Total | 100.0 | 100.0 |   N/A | 100.0 | 100.0 | 18702.8
       Dungeon |  24.1 |  24.2 |   N/A |  16.7 |   8.0 | 4374.1
          Lair |   9.6 |   9.6 |   N/A |  16.7 |   6.8 | 9356.2
         Swamp |   9.0 |   8.9 |   N/A |  50.0 |   9.3 | 19114.2
   Spider Nest |  15.0 |  15.1 |   N/A |   0.0 |  13.7 | 28276.5
  Orcish Mines |   6.7 |   6.7 |   N/A |   0.0 |   2.8 | 11399.0
        Vaults |  18.8 |  18.8 |   N/A |  16.7 |  26.0 | 53490.8
        Depths |  14.9 |  15.0 |   N/A |   0.0 |  32.5 | 66849.0
     Labyrinth |   0.2 |   0.2 |   N/A |   0.0 |   0.2 | 1709.0
         Sewer |   0.3 |   0.3 |   N/A |   0.0 |   0.0 | 243.0
      Ice Cave |   1.3 |   1.3 |   N/A |   0.0 |   0.7 | 5503.0
               +-------+-------+-------+-------+-------+----------------------
